 Dungeon Crawl Stone Soup version 0.31.0-32-g396128a36d (webtiles) character file.

Game seed: 8553415747527763050

39507 sosloow the Gouger (level 13, -2/55 (56) HPs)
             Began as a Felid Shapeshifter on Apr 20, 2024.
             Was a Believer of Uskayaw.
             Succumbed to a death drake's dark miasma
             ... in a Gauntlet.
             The game lasted 00:43:55 (16890 turns).

sosloow the Gouger (Felid Shapeshifter)            Turns: 16890, Time: 00:43:55

HP:   -2/55 (56)    AC:  3    Str: 10    XL:     13   Next: 69%
MP:   3/23          EV: 32    Int: 21    God:    Uskayaw [**....]
Gold: 1179          SH:  0    Dex: 20    Spells: 14/24 levels left
                                        Lives: 0   Deaths: 5

rFire   . .          .
                       - Unarmed
rCold   + . .        (shield unavailable)
rNeg    + . .        (body armour unavailable)
rPois   .            (helmet unavailable)
rElec   .            (cloak unavailable)
rCorr   .            (gloves unavailable)
SInv    +            (boots unavailable)
Will    +....        d - amulet of guardian spirit
Stlth   ++           N - +6 ring of intelligence
HPRegen 0.29/turn    q - ring of positive energy
MPRegen 0.18/turn

%: no teleportation, guardian spirit
@: lethally poisoned (-2 -> -32), flux-form, slowed, glowing, lightly drained,
very slow
A: glow, contaminating, very small, claws 1, fangs 3, see invisible, shaggy fur
3, stealthy paws, no weapons or thrown items, no armour, multi-lived
a: Begin Untransformation, Renounce Religion, Stomp, Line Pass


You were in a Gauntlet.
You worshipped Uskayaw.
Uskayaw was noncommittal.
You were something dangerously unstable.
You visited 3 branches of the dungeon, and saw 17 of its levels.
You also visited: Ossuary, Gauntlet and Volcano.

You collected 1179 gold pieces.

Inventory:

Jewellery
 d - an amulet of guardian spirit (around neck)
 j - a ring of protection from cold
 l - a ring of willpower
 q - a ring of positive energy (right paw)
 s - a ring of magical power
 y - a ring of fire
 B - an amulet of faith
 L - a ring of positive energy
 N - a +6 ring of intelligence (left paw)
Talismans
 b - a beast talisman
 c - a flux talisman (active)
Wands
 F - a wand of digging (8)
 K - a wand of polymorph (5)
 O - a wand of charming (5)
Scrolls
 a - 2 scrolls of amnesia
 f - 5 scrolls of teleportation
 g - a scroll of poison
 h - a scroll of silence
 k - 2 scrolls of brand weapon
 n - a scroll of revelation
 o - 4 scrolls of torment {unknown}
 v - a scroll of fear {unknown}
 C - 2 scrolls of fog
 D - 3 scrolls of noise {unknown}
 E - a scroll of butterflies {unknown}
 G - 4 scrolls of immolation {unknown}
 I - 2 scrolls of blinking {unknown}
 M - a scroll of enchant weapon {unknown}
Potions
 e - 7 potions of ambrosia
 i - 2 potions of invisibility
 m - 2 potions of cancellation
 p - a potion of magic
 r - 5 potions of enlightenment
 t - 2 potions of resistance
 w - 3 potions of brilliance
 x - 2 potions of might
 z - 2 potions of mutation
 A - 3 potions of berserk rage
 H - 2 potions of attraction
 P - a potion of heal wounds


   Skills:
 - Level 1.0 Fighting
 - Level 13.1 Dodging
 + Level 8.0 Stealth
 + Level 13.4 Unarmed Combat
 - Level 6.0 Spellcasting
 - Level 10.0 Hexes
 - Level 4.0 Ice Magic
 + Level 11.4 Shapeshifting


You had 14 spell levels left.
You knew the following spells:

 Your Spells              Type           Power      Damage    Failure   Level
a - Confusing Touch       Hex            48%        N/A       1%          3
b - Sigil of Binding      Hex            48%        N/A       1%          3
c - Blink                 Tloc           12%        N/A       14%         2
d - Ensorcelled Hibernat  Hex/Ice        70%        N/A       1%          2

Your spell library contained the following spells:

 Spells                   Type           Power      Damage    Failure   Level
 Slow                     Hex            100%       N/A       1%          1
 Cause Fear               Hex            24%        N/A       1%          4
 Kiss of Death            Conj/Necr      24%        2d7       10%         1
 Magic Dart               Conj           24%        1d4       10%         1
 Anguish                  Hex/Necr       13%        N/A       12%         4
 Call Imp                 Summ           12%        N/A       14%         2
 Fugue of the Fallen      Necr           6%         N/A       28%         3
 Vampiric Draining        Necr           6%         2d6       28%         3
 Summon Mana Viper        Hex/Summ       27%        N/A       34%         5
 Brom's Barrelling Bould  Conj/Erth      6%         2d3       67%         4
 Dispel Undead            Necr           6%         3d8       67%         4
 Ignite Poison            Fire/Alch      6%         N/A       67%         4
 Sticky Flame             Fire/Alch      6%         2d4       67%         4
 Fireball                 Conj/Fire      3%         3d4       95%         5
 Iskenderun's Battlesphe  Conj           6%         2d6       95%         5
 Summon Forest            Summ/Tloc      3%         N/A       95%         5
 Conjure Ball Lightning   Conj/Air       3%         3x3d6     100%        6
 Summon Cactus Giant      Summ           3%         N/A       100%        6
 Orb of Destruction       Conj           3%         9d5       100%        7
 Ignition                 Fire           3%         3d4       100%        8
 Dragon's Call            Summ           3%         N/A       100%        9


Dungeon Overview and Level Annotations

Branches:
Dungeon (13/15)            Temple (1/1) D:4            Lair (3/5) D:11
  Swamp (0/4) Lair:2       Spider (0/4) Lair:2          Orc (0/2) D:10
Ossuary (visited)         Volcano (visited)         Gauntlet (1/1)
 Vaults: D:13-14

Altars:
Ashenzari
Cheibriados
Dithmenos
Elyvilon
Fedhas
Gozag
Hepliaklqana
Kikubaaqudgha
Makhleb
Nemelex Xobeh
Okawaru
Qazlal
Ru
Sif Muna
Trog
Uskayaw
Vehumet
Wu Jian
Xom
Yredelemnul
Zin
The Shining One

Shops:
D:13 ?

Annotations:
D:11 1 runed translucent door, Villent's ghost, journeyman HOFi Gauntlet 5 transporters, exclusion: oklob plant


Innate Abilities, Weirdness & Mutations

You are something dangerously unstable.
You glow with magical radiation, making you easy to see and hit.
Foes you strike become dangerously contaminated with magical radiation.
You have sharp claws.
You have razor-sharp teeth.
You have supernaturally acute eyesight. (SInv)
Your thick and shaggy fur keeps you warm. (AC +3, rC+)
Your paws help you pounce on unaware monsters.
You are incapable of wielding weapons or throwing items.
You cannot wear armour.
You gain extra lives every three experience levels.


Message History

The centaur warrior zombie glows dangerously bright.
The centaur warrior zombie is moderately damaged.
The centaur warrior zombie completely misses you. x2
The death drake breathes miasma at you.
The foul vapour engulfs the centaur warrior zombie.
The centaur warrior zombie completely resists.
The spectral redback closely misses you.
You can now pass through a line of other dancers.
You scratch the spectral redback.
The spectral redback begins to glow.
You bite the spectral redback, but do no damage.
The spectral redback is lightly damaged.
You are engulfed in dark miasma.
You are poisoned.
You feel very sick. The spectral redback bites you! You partially resist.
You feel drained.
Unknown command.
You feel better.
You are engulfed in dark miasma.
You are poisoned.
You feel very sick. The centaur warrior zombie hits you!
The centaur warrior zombie misses you. The death drake breathes miasma at you.
The foul vapour misses you. The spectral redback bites you!
* * * LOW HITPOINT WARNING * * *
The centaur warrior zombie hits the spectral redback.
The centaur warrior zombie kicks the spectral redback but does no damage.
Unknown command.
You claw the spectral redback!
The spectral redback glows dangerously bright.
The spectral redback is moderately damaged.
You are engulfed in dark miasma.
You are more poisoned.
You feel yourself slow down.
* * * LOW HITPOINT WARNING * * *
You feel extremely sick. The spectral redback barely misses you.
The death drake misses you.
The centaur warrior zombie hits the spectral redback.
The centaur warrior zombie barely misses the spectral redback.
You claw the spectral redback!
The spectral redback shudders as magic cascades through it!
You bite the spectral redback.
The spectral redback is almost destroyed.
You die...

#####........#.#....
###≈.....#######.#####
#8#......#©...........
###..#################
#..#..=$©.?..#≈#!"#.
###..#.#.....#.#≈##..
#8#..#..#####..#≈#^#.
###..#..##Z##..#§#..#.
#..#...kpZ...#8##..#.#
###..#..##.##..#§#x#..#.
#8#..#..#####..#§#x.#P©.
###..#.#..Z..#.#≈#...#.#
#..#.........#≈#....#.
###..###################
#8#......#©...........©#..
###≈.....#######.#######...
#####........#.#.........


You could see a death drake, a spectral redback, a spectral boggart and a
centaur warrior zombie (confused, heavy contam).

Vanquished Creatures
  2 hydras
  A centaur warrior (D:13)
  5 two-headed ogres
  4 boulder beetles
  2 tengu warriors (D:13)
  A skyshark (Lair:3)
  A goliath frog (Lair:2)
  2 skeletal warriors (Volcano)
  An ugly thing (D:12)
  2 cyclopes (D:11)
  3 alligator skeletons (Volcano)
  A worldbinder (Gauntlet)
  A manticore (D:12)
  Joseph (Lair:1)
  5 gargoyles
  A black mamba (Lair:1)
  4 cane toads
  A kobold demonologist (D:8)
  Psyche (D:8)
  4 komodo dragons
  3 rime drakes
  2 tengu conjurers (D:11)
  A harpy zombie (Gauntlet)
  3 trolls
  A polar bear (Lair:2)
  A queen bee (Lair:2)
  12 blink frogs
  3 hornets
  A harpy skeleton (Volcano)
  3 slime creatures (D:12)
  3 wraiths
  A shadow (D:10)
  34 yaks
  A wyvern (Lair:2)
  A basilisk (D:12)
  9 vampire mosquitoes
  Eustachio (D:6)
  Menkaure (D:4)
  A steam dragon (D:6)
  2 acid dragons
  10 water moccasins
  Duvessa (D:4)
  7 orc warriors
  3 black bears (D:11)
  5 ogres
  2 laughing skulls (Volcano)
  A boggart (Gauntlet)
  3 wolves (Lair:2)
  4 centaurs
  2 phantoms
  2 weeping skulls
  3 kobold brigands
  A gnoll sergeant (D:12)
  10 bullfrogs
  4 scorpions
  6 water moccasin zombies (Ossuary)
  Dowan (D:4)
  28 killer bees
  2 troll skeletons (Volcano)
  6 howler monkeys
  2 spriggan skeletons (Volcano)
  An electric eel (Lair:1)
  A cerulean imp (D:4)
  2 hounds
  3 bombardier beetles
  A jelly (D:4)
  Crazy Yiuf (D:4)
  7 orc priests
  A spectral scorpion (Ossuary)
  A gnoll bouda (D:7)
  A sleepcap (D:5)
  Ijyb (D:4)
  Jessica (D:2)
  4 iguanas
  9 orc wizards
  A crocodile zombie (Ossuary)
  3 naga skeletons (Volcano)
  2 mummies (Ossuary)
  Robin (D:2)
  12 gnolls
  7 adders
  4 shadow imps
  A white imp (D:6)
  3 ufetubi
  5 adder zombies (Ossuary)
  A ribbon worm (D:2)
  2 dart slugs (D:4)
  49 orcs
  5 bats
  4 endoplasms
  A giant cockroach (D:3)
  10 gnoll zombies (Ossuary)
  13 goblins
  11 hobgoblins
  4 jackals (D:2)
  22 kobolds
  4 quokkas
  5 ball pythons
  2 frilled lizards (D:1)
  3 jackal zombies (Ossuary)
  3 orc zombies (Ossuary)
  A quokka zombie (D:6)
  2 rats (D:2)
  A rat zombie (D:6)
446 creatures vanquished.

Vanquished Creatures (collateral kills)
  A blink frog (Lair:1)
1 creature vanquished.

Vanquished Creatures (others)
  An ufetubus (D:6)
1 creature vanquished.

Grand Total: 448 creatures vanquished

Notes
Turn   | Place    | Note
-------+----------+-------------------------------------------
     0 | D:1      | sosloow the Felid Shapeshifter began the quest for the Orb.
     0 | D:1      | Reached XP level 1. HP: 10/10 MP: 2/2
   154 | D:1      | Reached XP level 2. HP: 9/14 MP: 1/3
   743 | D:2      | Reached XP level 3. HP: 17/18 MP: 4/4
  1047 | D:2      | Noticed Jessica
  1061 | D:2      | Killed Jessica
  1062 | D:2      | Reached XP level 4. HP: 15/22 MP: 0/5
  1062 | D:2      | Gained a life (2 lives remaining)
  1067 | D:2      | Noticed Robin
  1072 | D:2      | Killed Robin
  1484 | D:3      | Found a shimmering altar of Xom.
  1876 | D:4      | Noticed a scorpion
  1886 | D:3      | Killed a scorpion
  1887 | D:3      | Reached XP level 5. HP: 11/25 MP: 2/6
  2121 | D:4      | Reached skill level 5 in Dodging
  2211 | D:4      | Noticed a phantom
  2258 | D:5      | Entered Level 5 of the Dungeon
  2351 | D:4      | Killed a phantom
  2352 | D:4      | Gained mutation: You are covered in thick fur. (AC +2)
                  | [Felid growth]
  2352 | D:4      | Reached XP level 6. HP: 16/30 MP: 3/7
  2430 | D:4      | Found a runed translucent door.
  2431 | D:4      | Noticed Crazy Yiuf
  2440 | D:4      | Killed Crazy Yiuf
  2605 | D:4      | Noticed Ijyb
  2613 | D:4      | Killed Ijyb
  2642 | D:4      | Found a broken altar of Ashenzari.
  2695 | D:4      | Noticed Menkaure
  2700 | D:4      | Slain by Menkaure
  2700 | D:4      | Lost a life (1 life remaining)
  2735 | D:4      | Identified the +7 ice dragon scales of Wrong Decisions
                  | {rElec rPois rF- rC++ rCorr Str-4}
  2754 | D:4      | Found a staircase to the Ecumenical Temple.
  2755 | D:4      | Noticed Grinder
  2760 | D:4      | Grinder changed into Grinder the cerulean imp
  2760 | D:4      | Noticed Grinder
  2764 | D:4      | Killed Grinder the cerulean imp
  2765 | D:4      | Reached skill level 5 in Unarmed Combat
  2771 | Temple   | Entered the Ecumenical Temple
  2794 | Temple   | Became a worshipper of Uskayaw the Reveller
  2950 | D:4      | Noticed Dowan
  2959 | D:4      | Noticed Duvessa
  3073 | D:4      | Reached * piety under Uskayaw
  3075 | D:4      | Reached ** piety under Uskayaw
  3111 | D:5      | Reached *** piety under Uskayaw
  3113 | D:5      | Reached XP level 7. HP: 22/33 MP: 6/8
  3113 | D:5      | Gained a life (2 lives remaining)
  3276 | D:5      | Found a burning altar of Makhleb.
  3421 | D:5      | Reached skill level 5 in Shapeshifting
  3429 | D:5      | Reached **** piety under Uskayaw
  3759 | D:5      | Reached XP level 8. HP: 34/37 MP: 9/9
  4046 | D:6      | Noticed Eustachio
  4065 | D:6      | Killed Eustachio
  4232 | D:6      | Found a sand-covered staircase.
  4252 | Ossuary  | Entered an ossuary
  4429 | Ossuary  | Reached XP level 9. HP: 41/41 MP: 10/10
  4727 | D:6      | Identified the +3 ring mail "Mezaan" {+Blink rC+ rN+ Int-3}
  4965 | D:7      | Found an iron altar of Okawaru.
  5115 | D:7      | Reached skill level 10 in Dodging
  5937 | D:8      | Noticed Psyche
  5940 | D:8      | Paralysed by a hornet for 1 turns
  5946 | D:8      | Paralysed by a hornet for 1 turns
  5954 | D:8      | Killed Psyche
  6009 | D:8      | HP: 2/41 [orc/+0 mace (5)]
  6009 | D:8      | Slain by an orc
  6009 | D:8      | Lost a life (1 life remaining)
  6035 | D:8      | Reached ***** piety under Uskayaw
  6206 | D:8      | Found a glowing golden altar of the Shining One.
  6603 | D:8      | Found a hazy altar of Hepliaklqana.
  6604 | D:8      | Found an opulent altar of Gozag.
  6615 | D:8      | Noticed a kobold demonologist
  6626 | D:8      | Killed a kobold demonologist
  6627 | D:8      | Reached XP level 10. HP: 35/45 MP: 11/11
  6627 | D:8      | Gained a life (2 lives remaining)
  7946 | D:9      | Found a snail-covered altar of Cheibriados.
  8121 | D:9      | Identified the +10 spear of the Onslaught {speed, rElec}
  8175 | D:9      | Reached skill level 10 in Unarmed Combat
  8242 | D:9      | Reached ****** piety under Uskayaw
  8253 | D:9      | Reached XP level 11. HP: 15/49 MP: 2/12
  8489 | D:9      | Found a radiant altar of Vehumet.
  8489 | D:9      | Found an ancient bone altar of Kikubaaqudgha.
  8491 | D:9      | Found a shimmering blue altar of Sif Muna.
  8498 | D:9      | Got Vehumet's Octavo of the Volley
  8503 | D:9      | Learned a level 3 spell: Confusing Touch
  8559 | D:10     | Entered Level 10 of the Dungeon
  8661 | D:10     | Reached skill level 1 in Hexes
  8688 | D:10     | Found a staircase to the Orcish Mines.
  8792 | D:10     | Reached skill level 1 in Spellcasting
  8933 | D:10     | Found a sacrificial altar of Ru.
  9122 | D:10     | Noticed a two-headed ogre
  9131 | D:10     | Killed a two-headed ogre
  9194 | D:10     | Found a bloodstained altar of Trog.
  9480 | D:11     | Noticed a two-headed ogre
  9487 | D:11     | Killed a two-headed ogre
  9560 | D:11     | Learned a level 3 spell: Sigil of Binding
  9567 | D:11     | Learned a level 2 spell: Blink
  9570 | D:11     | Learned a level 2 spell: Ensorcelled Hibernation
  9634 | D:11     | Reached skill level 5 in Hexes
  9694 | D:11     | Noticed a two-headed ogre
  9702 | D:11     | Killed a two-headed ogre
  9806 | D:11     | Noticed a two-headed ogre
  9818 | D:11     | Killed a two-headed ogre
  9841 | D:11     | Found a staircase to the Lair.
 10009 | D:11     | Found a runed translucent door.
 10009 | D:11     | Noticed Villent's ghost (journeyman HOFi)
 10188 | D:11     | Noticed a boulder beetle
 10199 | D:11     | Killed a boulder beetle
 10716 | D:12     | Gained mutation: Your thick and shaggy fur keeps you warm.
                  | (AC +3, rC+) [Felid growth]
 10716 | D:12     | Reached XP level 12. HP: 46/53 MP: 19/19
 10779 | D:12     | Noticed a boulder beetle
 10798 | D:12     | Killed a boulder beetle
 10911 | D:12     | Noticed a two-headed ogre
 10920 | D:12     | Killed a two-headed ogre
 11105 | D:12     | Noticed a boulder beetle
 11132 | D:12     | Killed a boulder beetle
 11133 | D:12     | Reached skill level 5 in Spellcasting
 11133 | D:12     | Reached skill level 10 in Shapeshifting
 11842 | D:13     | Found Focvinucs's Magic Scroll Shop.
 11845 | D:13     | Noticed a five-headed hydra
 11853 | D:13     | Noticed a tengu warrior
 11855 | D:13     | Killed a five-headed hydra
 11860 | D:13     | Noticed a tengu warrior
 11868 | D:13     | Killed a tengu warrior
 11884 | D:13     | Killed a tengu warrior
 11885 | D:13     | Noticed a centaur warrior
 11896 | D:13     | Killed a centaur warrior
 11954 | Lair:1   | Entered Level 1 of the Lair of Beasts
 11975 | Lair:1   | Found a dark tunnel.
 11983 | Volcano  | Entered a volcano
 12319 | Volcano  | Reached skill level 1 in Stealth
 12382 | Volcano  | Reached skill level 1 in Ice Magic
 12416 | Volcano  | Slain by a skeletal warrior
 12416 | Volcano  | Lost a life (1 life remaining)
 12484 | Volcano  | HP: 1/53 [harpy skeleton (3)]
 12484 | Volcano  | Mangled by a harpy skeleton
 12484 | Volcano  | Lost a life (0 lives remaining)
 12515 | Volcano  | Reached skill level 10 in Hexes
 12919 | Lair:1   | Reached XP level 13. HP: 36/56 MP: 15/23
 12919 | Lair:1   | Gained a life (1 life remaining)
 13661 | Lair:1   | Noticed Joseph
 13682 | Lair:1   | Killed Joseph
 14255 | Lair:2   | Reached skill level 5 in Stealth
 14767 | D:4      | Killed Dowan
 14836 | D:4      | Killed Duvessa
 14857 | D:4      | Killed Menkaure
 15268 | Lair:2   | Found a hole to the Spider Nest.
 15618 | Lair:2   | Found a staircase to the Swamp.
 15889 | Lair:2   | HP: 2/56 [killer bee (3)]
 15896 | Lair:2   | HP: 2/56 [killer bee (1)]
 15898 | Lair:2   | Succumbed to a killer bee's poison
 15898 | Lair:2   | Lost a life (0 lives remaining)
 16603 | Lair:3   | Found a gate leading to a gauntlet.
 16623 | Gauntlet | Entered a Gauntlet
 16623 | Gauntlet | Found a transporter.
 16623 | Gauntlet | Found a transporter.
 16667 | Gauntlet | Found a transporter.
 16687 | Gauntlet | Found a transporter.
 16701 | Gauntlet | Found a transporter.
 16717 | Gauntlet | Found a transporter.
 16728 | Gauntlet | Found a transporter.
 16827 | Gauntlet | Found a transporter.
 16890 | Gauntlet | Succumbed to a death drake's dark miasma

Illustrated notes

Levels and vault maps discovered:
D:1:      giann_forest_graveyard, layout_rooms, serial_forest,
          infiniplex_forest_lined_2, infiniplex_forest_lined_corner,
          infiniplex_forest_clump_long, infiniplex_forest_straight_2,
          infiniplex_forest_clump_large, nicolae_figureground_pulse
D:2:      layout_loops_ring, skrybe_limestone_x, uniq_jessica, uniq_robin
D:3:      layout_rooms, xom_butterflies, grunt_ministairs_1,
          kennysheep_cross_bottleneck, kennysheep_decorative_pillar
D:4:      layout_loops_corners, ashenzari_altar_1, minmay_temple_entry_junction,
          kennysheep_nub, uniq_menkaure, uniq_grinder, uniq_ijyb,
          uniq_crazy_yiuf_cottage, uniq_duvessa
D:5:      layout_loops_ring, mainiacjoe_overflow_alcove_1,
          hangedman_abyss_or_decor_stabs
D:6:      layout_cave_pools, enter_ossuary_4, uniq_eustachio
D:7:      layout_basic, nicolae_overflow_crystal_walls, grunt_ministairs_12
D:8:      layout_layer_cave, tso_metal_star, grunt_temple_overflow_open,
          special_room [special_room_orc], nicolae_elevator_lobby_plus,
          uniq_psyche
D:9:      layout_loops_ring, grunt_temple_overflow_magic_moments,
          cheibriados_altar_1
D:10:     layout_roguey, bloody_trog, nicolae_overflow_hidden_temple,
          david_orc_3, statue_in_the_mist_lemuel
D:11:     layout_stronghold, due_lair_maze_entry_diamond, gammafunk_ghost_grave
D:12:     layout_rooms
D:13:     layout_long_grid, serial_shops, shop_statue
Temple:   chequers_temple_sunken
Lair:1:   layout_gridlike, enter_volcano_2, minivault_19, guppyfry_lair_drakes,
          uniq_joseph
Lair:2:   layout_hall_layers, mainiacjoe_swamp_entry_lozenge_pond,
          spider_nest_entry_web_field, special_room [special_room_bee]
Lair:3:   layout_roguey, gauntlet_entry_generic,
          nicolae_lair_run_with_the_wolves, uniq_fannar
Gauntlet: gammafunk_gauntlet_branching [nicolae_gauntlet_swirl,
          gammafunk_gauntlet_arena_mazey, nicolae_gauntlet_arena_blocks,
          gammafunk_gauntlet_arena_arrow_garden,
          nicolae_gauntlet_arena_quarters, gammafunk_gauntlet_arena_teeth,
          nicolae_gauntlet_arena_flowing_pool, nicolae_gauntlet_arena_grate_2,
          gauntlet_exit_green]

Skill      XL: |  1  2  3  4  5  6  7  8  9 10 11 12 13 |
---------------+----------------------------------------+-----
Dodging        | 3 4 5 6 7 9 11 13 | 13.1
Shapeshifting  | 3 4 5 6 7 8 9 10 11 | 11.4
Unarmed Combat | 4 5 6 7 9 10 11 12 13 | 13.4
Hexes          | 7 10 | 10.0
Spellcasting   | 4 6 |  6.0
Stealth        | 3 8 |  8.0
Ice Magic      | 2 4 |  4.0
Fighting       | |  1.0

Action                     |  1- 3 |  4- 6 |  7- 9 | 10-12 | 13-15 || total
---------------------------+-------+-------+-------+-------+-------++-------
  Melee: Unarmed           |    95 |   145 |   398 |   627 |   317 ||  1582
         Bite              |     2 |    12 |    57 |   113 |    52 ||   236
         Punch             |     2 |     5 |    21 |     8 |       ||    36
   Cast: Ensorcelled Hiber |       |       |       |       |    46 ||    46
         Confusing Touch   |       |       |       |       |     3 ||     3
         Blink             |       |       |       |       |     1 ||     1
 Invoke: Stomp             |       |       |     2 |     3 |       ||     5
  Evoke: Wand              |       |     1 |     5 |    18 |     8 ||    32
    Use: Potion            |     1 |     7 |     2 |     6 |     6 ||    22
         Scroll            |       |     1 |       |    11 |     9 ||    21
   Stab: Sleeping          |       |     3 |     1 |     1 |    19 ||    24
         Paralysed         |       |     1 |    17 |    29 |     9 ||    56
         Confused          |       |       |       |       |     4 ||     4
 Armour: Skin              |    21 |    47 |   113 |   155 |    82 ||   418
  Dodge: Dodged            |    62 |   129 |   331 |   622 |   409 ||  1553
   Form: Flux              |       |       |       |     1 |       ||     1
